 Dungeon Crawl Stone Soup version 0.27-a0-1154-gfdeffcb720 (webtiles) character file.

Game seed: 14851912286882303512

2 Ijustatesigmund the Shield-Bearer (level 1, 0/16 HPs)
             Began as an Octopode Fighter on May 14, 2021.
             Slain by a jackal (3 damage)
             ... on level 1 of the Dungeon.
             The game lasted 00:00:24 (73 turns).

Ijustatesigmund the Shield-Bearer (Octopode Fighter)  Turns: 73, Time: 00:00:25

Health: 0/16       AC:  1    Str: 15    XL:     1   Next: 40%
Magic:  1/1        EV: 11    Int: 10    God:
Gold:   11         SH:  8    Dex: 11    Spells: 0/0 levels left

rFire    . . .     SeeInvis .   a - +0 war axe
rCold    . . .     Faith    .   b - +0 kite shield
rNeg     . . .     Spirit   .   (helmet restricted)
rPois    .         Reflect  .   (no amulet)
rElec    .         Harm     .   (no ring)
rCorr    .         Rampage  .   (no ring)
Will     .....                  (no ring)
Stlth    ++........             (no ring)
HPRegen  0.05/turn              (no ring)
MPRegen  0.07/turn              (no ring)
                                (no ring)
                                (no ring)

@: mighty
A: almost no armour, amphibious, 8 rings, camouflage 1, gelatinous body 1,
(nimble swimmer 1), tentacles
a: no special abilities


You were on level 1 of the Dungeon.
You visited 1 branch of the dungeon, and saw 1 of its levels.

You collected 11 gold pieces.

Inventory:

Hand Weapons
 a - a +0 war axe (weapon)
Missiles
 e - 6 javelins (quivered)
Armour
 b - a +0 kite shield (worn)
Scrolls
 d - a scroll of identify {unknown}


   Skills:
 + Level 3.0 Fighting
 * Level 2.1 Axes
 - Level 3.0 Dodging
 - Level 3.0 Shields


You couldn't memorise any spells.
You didn't know any spells.
Your spell library was empty.

Dungeon Overview and Level Annotations

Branches:
Dungeon (1/15)

Altars:

Shops:
D:1 [


Innate Abilities, Weirdness & Mutations

You cannot wear most types of armour.
You are amphibious.
You can wear up to eight rings at the same time.
Your skin changes colour to match your surroundings (Stealth+).
Your rubbery body absorbs attacks. (AC +1, EV +1)
((You are camouflaged near water. (Stealth+)))
You have tentacles for arms and can constrict up to eight enemies at once.


Message History

Found a staircase leading out of the dungeon.
You open the door.
There is an open door here.
d - a scroll labelled IDIEDO BONLUR
Found 6 javelins.
Found Tefig's Armour Boutique.
You see here 6 javelins.
e - 6 javelins
There is an entrance to Tefig's Armour Boutique here.
You can access your shopping list by pressing '$'.
You now have 11 gold pieces.
A jackal comes into view.
The jackal barks!
You hear a bark! x2
A jackal comes into view.
A jackal comes into view.
You barely miss the jackal. You grab the jackal. You constrict the jackal.
The jackal bites you. x2; The jackal closely misses you.
You hit the jackal. Your squeeze misses the jackal.
The jackal is almost dead.
You hit the jackal. You constrict the jackal.
You kill the jackal!
The jackal misses you.
A jackal comes into view.
The jackal bites you.
You barely miss the jackal. You grab the jackal. You squeeze the jackal.
The jackal is moderately wounded.
You closely miss the jackal. You constrict the jackal. The jackal misses you.
The jackal bites you. You block the jackal's attack. The jackal bites you. x2
You hit the jackal but do no damage. Your grab misses the jackal.
The jackal is severely wounded.
You slash the jackal!
You kill the jackal!
You block the jackal's attack. The jackal closely misses you.
The jackal bites you.
* * * LOW HITPOINT WARNING * * *
The jackal bites you.
* * * LOW HITPOINT WARNING * * *
You feel very mighty all of a sudden. The jackal bites you.
You die...

#. #. ## # #. ..
. . .# ##.#.# .#
.## .# ..#.##.#.#
.. .# #.#..... ..
.. ##h#..# #.
.###.###.h@..# #.
.##..........#
#.#.##..#.......#
#...........##..#
##..##..#.......#
#.###..######.##
#.# #..# #.#
#####.###∩.#
#.########
...........#
#.........


You could see 2 jackals.

Vanquished Creatures
  2 jackals (D:1)
2 creatures vanquished.

Notes
Turn   | Place    | Note
-------+----------+-------------------------------------------
     0 | D:1      | Ijustatesigmund the Octopode Fighter began the quest for
                  | the Orb.
     0 | D:1      | Reached XP level 1. HP: 16/16 MP: 1/1
    10 | D:1      | Found Tefig's Armour Boutique.
    73 | D:1      | Slain by a jackal

Illustrated notes

Levels and vault maps discovered:
D:1:      minmay_arrival_nine_rooms, layout_loops_ring, serial_shops, shop

Action                   || total
-------------------------++-------
Melee: War axe           ||     4
       Constrict         ||     2
       Tentacles         ||     1
  Use: Potion            ||     1
Dodge: Dodged            ||     4
Block: Kite shield       ||     2

Table legend: (Time is in decaauts)
 A = Elapsed time spent in this place.
 B = Non-inter-level travel time spent in this place.
 C = Inter-level travel time spent in this place.
 D = Time resting spent in this place.
 E = Time spent auto-exploring this place.
 F = Levels seen in this place.
 G = Mean time per level.
                   A        B        C        D        E       F      G
               +--------+--------+--------+--------+--------+-----+--------+
         Total |     75 |     75 |      0 |      0 |     56 |   1 |   75.0 |
       Dungeon |     75 |     75 |      0 |      0 |     56 |   1 |   75.0 |
               +--------+--------+--------+--------+--------+-----+--------+

Top non-repeatable levels by time:
     D:1: 75 daAuts
